 Dungeon Crawl Stone Soup version 0.29.1-2-gbd0b4ee654 (webtiles) character file.

Game seed: 2924345241225567470

676 plokij the Chopper (level 7, 0/61 HPs)
             Began as a Minotaur Fighter on Oct 23, 2022.
             Was an Initiate of Okawaru.
             Slain by a hornet (13 damage)
             ... on level 6 of the Dungeon.
             The game lasted 00:10:48 (4832 turns).

plokij the Chopper (Minotaur Fighter)               Turns: 4832, Time: 00:10:49

Health: 0/61       AC: 10    Str: 22    XL:     7   Next: 33%
Magic:  6/6        EV: 10    Int:  5    God:    Okawaru [......]
Gold:   243        SH:  5    Dex: 10    Spells: 6/6 levels left

rFire   . . .      SeeInvis .   C - +2 war axe
rCold   . . .      Faith    .   c - +0 buckler
rNeg    . . .      Spirit   .   b - +0 scale mail
rPois   .          Reflect  .   (helmet restricted)
rElec   .          Harm     .   (no cloak)
rCorr   .          Rampage  .   g - +1 pair of gloves
Will    .....                   s - +0 pair of boots
Stlth   ..........              (no amulet)
HPRegen 0.20/turn               (no ring)
MPRegen 0.10/turn               (no ring)

@: lethally poisoned (0 -> -18), slowed, very slow
A: horns 2, retaliatory headbutt
a: Renounce Religion


You were on level 6 of the Dungeon.
You worshipped Okawaru.
Okawaru was noncommittal.
You visited 2 branches of the dungeon, and saw 7 of its levels.
You also visited: Sewer.

You collected 243 gold pieces.

Inventory:

Hand Weapons
 j - a +1 demon trident of freezing
 C - a +2 war axe (weapon)
Missiles
 n - a throwing net (quivered)
Armour
 b - a +0 scale mail (worn)
 c - a +0 buckler (worn)
 g - a +1 pair of gloves (worn)
 s - a +0 pair of boots (worn)
Wands
 D - a wand of digging (2)
Scrolls
 a - 3 scrolls of magic mapping {unknown}
 e - 4 scrolls of identify {unknown}
 f - a scroll of amnesia {unknown}
 h - a scroll of summoning
 i - 7 scrolls of teleportation {unknown}
 k - 2 scrolls of immolation {unknown}
 m - 2 scrolls of blinking {unknown}
 q - a scroll of vulnerability {unknown}
 w - a scroll of fog {unknown}
 y - a scroll of torment {unknown}
 E - a scroll of noise {unknown}
Potions
 d - 5 potions of might
 l - 2 potions of curing {unknown}
 o - a potion of degeneration {unknown}
 p - 2 potions of haste {unknown}
 r - 5 potions of attraction {unknown}
 t - 2 potions of magic {unknown}
 u - 2 potions of heal wounds {unknown}
 v - 2 potions of mutation {unknown}
 x - a potion of brilliance {unknown}
 z - 2 potions of berserk rage {unknown}
 A - a potion of invisibility
 B - a potion of lignification {unknown}


   Skills:
 + Level 5.3 Fighting
 + Level 5.4 Axes
 + Level 5.3 Armour
 * Level 4.1 Dodging
 + Level 5.2 Shields


You had 6 spell levels left.
You didn't know any spells.
Your spell library contained the following spells:

 Spells                   Type           Power      Damage    Failure   Level
 Ensorcelled Hibernation  Hex/Ice        0%         N/A       95%         2
 Passwall                 Tmut/Erth      0%         N/A       95%         2
 Stone Arrow              Conj/Erth      0%         3d7       99%         3
 Swiftness                Air            0%         N/A       99%         3
 Lehudib's Crystal Spear  Conj/Erth      0%         10d2      100%        8
 Animate Armour           Summ/Erth      Unusable   N/A       N/A         4

Dungeon Overview and Level Annotations

Branches:
Dungeon (6/15)             Temple (1/1) D:5           Sewer (visited)

Altars:
Ashenzari
Dithmenos
Elyvilon
Gozag
Hepliaklqana
Kikubaaqudgha
Makhleb
Nemelex Xobeh
Okawaru
Qazlal
Ru
Sif Muna
Trog
Uskayaw
Vehumet
Wu Jian
Xom
Yredelemnul
The Shining One

Shops:
D:2 *


Innate Abilities, Weirdness & Mutations

You have a pair of horns on your head.
You reflexively headbutt those who attack you in melee.


Message History

You feel sick.
You feel sick.
You feel sick.
You feel sick.
You feel sick.
You feel sick.
You are no longer poisoned.
There is a stone staircase leading down here.
You now have 243 gold pieces (gained 14).
Done exploring.
Done exploring.
There is a stone staircase leading down here.
You climb downwards.
The hornet buzzes angrily.
Found a stone staircase leading down.
There is a stone staircase leading up here.
The hornet stings you!
You are poisoned.
You feel yourself slow down.
You hit the hornet. Your headbutt misses the hornet.
The hornet is lightly wounded.
You feel very sick. The hornet misses you. You furiously retaliate!
You headbutt the hornet. The hornet barely misses you.
The hornet stings you but does no damage.
You miss the hornet.
The hornet is lightly wounded.
You feel very sick. The hornet stings you!
You are more poisoned.
You feel as though you will be slow longer.
The hornet barely misses you. You furiously retaliate!
You headbutt the hornet, but do no damage.
The hornet stings you!
You are lethally poisoned!
You feel as though you will be slow longer.
* * * LOW HITPOINT WARNING * * *
You feel extremely sick. The hornet stings you!
You die...

.. ..
#. #.
#.###
#..># #
#.#.#.#
#.y@..#
###.###
#.# #.#
#.# #.#
#.# #.#


You could see a hornet.

Vanquished Creatures
  A necrophage (D:4)
  A scorpion (D:5)
  4 wights (D:5)
  2 jellies (D:4)
  A gnoll bouda (D:4)
  Jessica (D:2)
  8 adders
  7 gnolls
  2 worms
  4 orcs
  9 ball pythons
  6 endoplasms
  7 giant cockroaches
  3 hobgoblins
  4 jackals (D:5)
  24 kobolds
  2 quokkas
  4 bats
  6 frilled lizards
  7 goblins
  7 rats
110 creatures vanquished.

Vanquished Creatures (others)
  2 plants (Sewer)
2 creatures vanquished.

Grand Total: 112 creatures vanquished

Notes
Turn   | Place    | Note
-------+----------+-------------------------------------------
     0 | D:1      | plokij the Minotaur Fighter began the quest for the Orb.
     0 | D:1      | Reached XP level 1. HP: 19/19 MP: 0/0
   247 | D:1      | Reached XP level 2. HP: 27/27 MP: 1/1
   815 | D:2      | Found Vublitolomm's Assorted Antiques.
   858 | D:2      | Reached skill level 1 in Dodging
   858 | D:2      | Reached XP level 3. HP: 23/33 MP: 2/2
  1036 | D:2      | Reached XP level 4. HP: 28/40 MP: 3/3
  1364 | D:2      | Noticed Jessica
  1370 | D:2      | Killed Jessica
  1532 | D:3      | Found a glowing drain.
  1550 | Sewer    | Entered a sewer
  1627 | Sewer    | Reached XP level 5. HP: 47/47 MP: 4/4
  2112 | D:3      | Found a faded altar of an unknown god.
  2258 | D:3      | Found a shimmering blue altar of Sif Muna.
  2265 | D:3      | Found a white marble altar of Elyvilon.
  2268 | D:3      | Found a stormy altar of Qazlal.
  2268 | D:3      | Found a shadowy altar of Dithmenos.
  2275 | D:3      | Found a broken altar of Ashenzari.
  2864 | D:4      | Reached XP level 6. HP: 51/53 MP: 5/5
  3274 | D:4      | Reached skill level 5 in Axes
  3779 | D:5      | Entered Level 5 of the Dungeon
  3799 | D:5      | Reached skill level 5 in Fighting
  3799 | D:5      | Reached skill level 5 in Armour
  3804 | D:5      | Reached skill level 5 in Shields
  3809 | D:5      | Reached XP level 7. HP: 58/61 MP: 6/6
  3956 | D:5      | Found a staircase to the Ecumenical Temple.
  3961 | Temple   | Entered the Ecumenical Temple
  3976 | Temple   | Became a worshipper of Warmaster Okawaru
  4828 | D:6      | Noticed a hornet
  4832 | D:6      | Slain by a hornet

Illustrated notes

Levels and vault maps discovered:
D:1:      scummos_arrival_simple_crosswalls, layout_loops_ring,
          kennysheep_flooded_box
D:2:      layout_rooms, serial_shops, shop_statue, uniq_jessica
D:3:      layout_loops_ring, nicolae_overflow_hallway_of_the_gods,
          portal_sewer_entry_a, hellmonk_ecumenical_altar_arch_garden,
          hangedman_decor_growths
D:4:      layout_rooms
D:5:      layout_loops_ring, minmay_temple_entry_grid, supply_closet_lemuel,
          minmay_misc_feat_iff
D:6:      layout_loops_ring, mainiacjoe_overflow_large_starburst,
          minmay_ogre_servants, uniq_menkaure, uniq_duvessa, uniq_sigmund
Temple:   jpeg_temple_clearing

Skill      XL: |  1  2  3  4  5  6  7 |
---------------+----------------------+-----
Axes           | 3 4 5 |  5.4
Fighting       | 4 5 |  5.3
Dodging        | 1 2 3 4 |  4.1
Shields        | 4 5 |  5.2
Armour         | 4 5 |  5.3

Action                   |  1- 3 |  4- 6 |  7- 9 || total
-------------------------+-------+-------+-------++-------
Melee: War axe           |    50 |   147 |    19 ||   216
       Headbutt          |     5 |    20 |     3 ||    28
Armor: Scale mail        |    26 |    78 |     5 ||   109
Dodge: Dodged            |    21 |    65 |     9 ||    95
Block: Buckler           |    14 |    36 |     2 ||    52
